 Dungeon Crawl Stone Soup version 0.31-a0-234-gad7ace16ef (webtiles) character file.

Game seed: 14990537492836168326

177475 MacCMillion the Spry (level 17, -2/94 HPs)
             Began as a Spriggan Hunter on July 10, 2023.
             Was the Champion of Dithmenos.
             Slain by a salamander tyrant (23 damage)
             ... on level 4 of the Snake Pit.
             The game lasted 01:33:03 (47406 turns).

MacCMillion the Spry (Spriggan Hunter)             Turns: 47406, Time: 01:33:04

Health: -2/94      AC:  7    Str:  7    XL:     17   Next: 54%
Magic:  30/34      EV: 40    Int: 13    God:    Dithmenos [******]
Gold:   3248       SH:  0    Dex: 24    Spells: 24/41 levels left

rFire   . . .        V - +4 shortbow (freeze)
rCold   . . .        (shield currently unavailable)
rNeg    . . .        W - +1 troll leather armour
rPois   +            (helmet restricted)
rElec   .            A - +1 cloak
rCorr   .            (gloves unavailable)
SInv    +            (boots unavailable)
Will    ++...        t - amulet of regeneration
Stlth   +++++        k - +5 ring of evasion
HPRegen 1.95/turn    T - ring of poison resistance
MPRegen 0.24/turn

%: no passive effects
@: lethally poisoned (-2 -> -2), about to teleport, weakened, wreathed by umbra,
very quick
A: very small, no large weapons, unfitting armour, see invisible, speed 3
a: Renounce Religion, Shadow Step, Shadow Form


You were on level 4 of the Snake Pit.
You worshipped Dithmenos.
Dithmenos was exalted by your worship.
You visited 5 branches of the dungeon, and saw 27 of its levels.
You also visited: Bailey, Gauntlet and Ice Cave.

You collected 3538 gold pieces.
You spent 290 gold pieces at shops.

Inventory:

Hand Weapons
 a - a +0 orcbow of flaming
 V - a +4 shortbow of freezing (weapon)
Missiles
 l - 5 throwing nets
Armour
 c - a +2 robe of resistance
 A - a +1 cloak (worn)
 W - a +1 troll leather armour (worn)
Jewellery
 k - a +5 ring of evasion (left hand)
 t - an amulet of regeneration (around neck)
 v - a +5 ring of evasion
 B - a ring of flight
 D - a ring of protection from fire
 J - an amulet of reflection
 O - a ring of ice
 T - a ring of poison resistance (right hand)
 U - a ring of resist corrosion
Wands
 C - a wand of flame (36)
 F - a wand of roots (24)
 K - a wand of paralysis (22)
 M - a wand of polymorph (25)
 N - a wand of digging (22)
 Q - a wand of mindburst (5)
Scrolls
 b - a scroll of butterflies
 e - 4 scrolls of vulnerability
 f - 8 scrolls of revelation
 g - 4 scrolls of noise
 h - a scroll of fear
 m - 5 scrolls of enchant armour
 q - 8 scrolls of enchant weapon
 r - 3 scrolls of brand weapon
 s - 4 scrolls of poison
 x - 2 scrolls of amnesia
 y - 4 scrolls of blinking
 G - 3 scrolls of immolation
 H - 8 scrolls of teleportation
 L - 5 scrolls of fog
 R - 2 scrolls of silence
 X - a scroll of torment
 Z - a scroll of summoning
Potions
 d - 8 potions of lignification
 i - 11 potions of curing
 j - 3 potions of invisibility
 n - 4 potions of magic
 o - a potion of haste
 p - 2 potions of ambrosia
 u - a potion of berserk rage {unknown}
 w - 5 potions of enlightenment
 z - 2 potions of heal wounds
 E - 2 potions of might
 I - a potion of attraction {unknown}
 P - 2 potions of resistance
 S - a potion of brilliance


   Skills:
 - Level 12.5 Fighting
 - Level 16.0 Ranged Weapons
 - Level 18.8 Dodging
 - Level 4.0 Stealth
 + Level 12.6 Spellcasting
 + Level 16.4 Hexes
 - Level 15.0 Translocations


You had 24 spell levels left.
You knew the following spells:

 Your Spells              Type           Power      Damage    Failure   Level
a - Dispersal             Tloc           23%        N/A       4%          6
b - Enfeeble              Hex            25%        N/A       13%         7
c - Cause Fear            Hex            25%        N/A       1%          4

Your spell library contained the following spells:

 Spells                   Type           Power      Damage    Failure   Level
 Ensorcelled Hibernation  Hex/Ice        58%        N/A       1%          2
 Lesser Beckoning         Tloc           94%        N/A       1%          2
 Confusing Touch          Hex            50%        N/A       1%          3
 Gell's Gravitas          Tloc           47%        N/A       1%          3
 Portal Projectile        Hex/Tloc       98%        N/A       1%          3
 Teleport Other           Tloc           47%        N/A       1%          3
 Vhi's Electric Charge    Tloc/Air       54%        N/A       1%          3
 Manifold Assault         Tloc           47%        N/A       1%          4
 Anguish                  Hex/Necr       14%        N/A       4%          4
 Fulminant Prism          Conj/Hex       14%        3d8       4%          4
 Leda's Liquefaction      Hex/Erth       14%        N/A       4%          4
 Kiss of Death            Conj/Necr      32%        2d7       13%         1
 Magic Dart               Conj           32%        1d4       13%         1
 Sandblast                Erth           16%        2d6       13%         1
 Shock                    Conj/Air       32%        1d5       13%         1
 Cigotuvi's Dreadful Rot  Necr/Pois/Air  16%        N/A       21%         2
 Passwall                 Tmut/Erth      6%         N/A       21%         2
 Poisonous Vapours        Pois/Air       16%        N/A       21%         2
 Searing Ray              Conj           16%        2d5       21%         2
 Call Canine Familiar     Summ           8%         N/A       36%         3
 Frozen Ramparts          Ice            16%        1d3       36%         3
 Hailstorm                Conj/Ice       8%         3d4       36%         3
 Ignite Poison            Fire/Tmut/Pois 8%         N/A       36%         3
 Mephitic Cloud           Conj/Pois/Air  8%         N/A       36%         3
 Spider Form              Tmut/Pois      8%         N/A       36%         3
 Stone Arrow              Conj/Erth      16%        3d8       36%         3
 Swiftness                Air            8%         N/A       36%         3
 Airstrike                Air            4%         2d(1-17)  78%         4
 Dispel Undead            Necr           8%         3d8       78%         4
 Ice Form                 Ice/Tmut       8%         N/A       78%         4
 Summon Ice Beast         Ice/Summ       8%         N/A       78%         4
 Disjunction              Tloc           23%        N/A       88%         8
 Arcjolt                  Conj/Air       4%         1d14      98%         5
 Borgnjor's Vile Clutch   Necr/Erth      4%         N/A       98%         5
 Freezing Cloud           Conj/Ice/Air   4%         6-21      98%         5
 Iskenderun's Battlesphe  Conj           8%         2d6       98%         5
 Leda's Unmaking          Conj/Erth      4%         9d2       100%        6
 Plasma Beam              Fire/Air       4%         2x1d14    100%        6
 Simulacrum               Ice/Necr       4%         N/A       100%        6
 Ozocubu's Refrigeration  Ice            4%         4d8       100%        7
 Spellforged Servitor     Conj/Summ      4%         N/A       100%        7
 Polar Vortex             Ice            4%         N/A       100%        9


Dungeon Overview and Level Annotations

Branches:
Dungeon (15/15)            Temple (1/1) D:4            Lair (5/5) D:10
 Shoals (0/4) Lair:2        Snake (4/4) Lair:3        Slime (0/5) Lair:5
    Orc (2/2) D:11            Elf (0/3) Orc:2        Vaults (0/5) D:14
 Depths (0/4) D:15         Bailey (visited)           IceCv (visited)
Gauntlet (visited)

Altars:
Ashenzari
Cheibriados
Dithmenos
Elyvilon
Fedhas
Gozag
Hepliaklqana
Kikubaaqudgha
Makhleb
Nemelex Xobeh
Okawaru
Qazlal
Ru
Sif Muna
Trog
Uskayaw
Vehumet
Wu Jian
Xom
Yredelemnul
Zin
The Shining One
Lugonu

Shops:
D:1 *=:[(   D:4 =   D:8 *   D:10 [   D:11 [   D:13 =   Orc:2 *[(=
Snake:2 !==!

Portals:
Abyss: Lair:5
Bazaar: Snake:4
Trove: D:13 (give +5 fire dragon scales)

Annotations:
D:9 Gastronok
D:13 3 runed translucent doors, Ytiufarch's ghost, journeyman DrMo
Snake:2 Aizul
Snake:4 Vashnia


Innate Abilities, Weirdness & Mutations

You are very small and have problems with some larger weapons.
You are too small for most types of armour.
You have supernaturally acute eyesight. (SInv)
You cover ground extremely quickly. (Speed+++)


Message History

The naga seems less confused.
The naga mage shouts!
The naga shouts! x2; You hear a shout!
As you read the scroll of fog, it dissolves into smoke.
The naga mage shouts!
The naga mage mumbles some strange words.
The naga mage seems to speed up.
The naga mage spits poison at you. The splash of poison hits you.
You are poisoned.
You resist. The naga spits poison at you.
The splash of poison hits you but does no damage.
You are more poisoned.
You resist. The naga spits poison at you. The splash of poison misses you.
The splash of poison hits the naga mage but does no damage.
You hear a shout!
You shoot an arrow. The arrow barely misses the anaconda.
You feel sick. The anaconda completely misses you. x2
Unknown command.
You shoot an arrow. The arrow misses the anaconda.
The arrow hits the black mamba!
The black mamba seems to slow down.
The arrow freezes the black mamba.
The black mamba is heavily wounded.
Your shadow shoots an arrow.
The arrow misses the anaconda.
You feel sick. The anaconda misses you. The anaconda completely misses you.
The mana viper completely misses you. The naga mage completely misses you.
You shoot an arrow. The arrow misses the anaconda.
Your shadow shoots an arrow.
The arrow hits the anaconda.
You feel sick. The anaconda misses you. x2
The black mamba barely misses you. The naga spits poison at you.
The splash of poison hits you but does no damage.
You resist. The mana viper barely misses you.
The salamander tyrant gazes fiercely through you!
You feel as though you will be weak longer.
The salamander tyrant hits you!
* * * LOW HITPOINT WARNING * * *
You are engulfed in flames!!
You die...

##....# #......
#...... #.....N
##
#......#####...
......N.N......
......§§S......
...
.....NN@S......
...
.....N.NS......
..
#....N.######..
. #...|..
#...... .##
#"..... ..#
#...... ...
#...... ...


You could see a salamander tyrant, an anaconda, a mana viper, a black mamba
(slow), 2 naga magi and 5 nagas.

Vanquished Creatures
  the Lernaean hydra (D:13)
  A fire giant (D:15)
  A nagaraja (Snake:1)
  2 frost giants (IceCv)
  4 orc warlords
  Josephine (D:15)
  2 vault guards (Bailey)
  A yaktaur captain (D:14)
  39 hydras
  2 salamander tyrants
  2 ice dragons
  8 anacondas
  3 two-headed ogres
  12 death yaks
  A tengu warrior (D:14)
  3 boulder beetles
  3 ironbound frosthearts (IceCv)
  6 centaur warriors
  Urug (Orc:2)
  7 naga warriors
  3 thrashing horrors (Lair:5)
  4 shock serpents
  5 naga sharpshooters
  2 orc high priests (Orc:2)
  A fire crab (D:12)
  3 skeletal warriors (D:11)
  An obsidian statue (D:15)
  2 orc knights (Orc:2)
  An orange crystal statue (IceCv)
  2 lindwurms
  5 naga ritualists
  2 deep elf pyromancers
  24 ugly things
  4 cyclopes
  8 mana vipers
  8 orc sorcerers
  An oklob plant (D:11)
  16 salamanders
  2 manticores
  An ice statue (D:14)
  6 elephants (Lair:4)
  A guardian serpent (shapeshifter) (Lair:5)
  2 guardian serpents
  2 smoke demons (Lair:5)
  29 black mambas
  11 naga magi
  5 gargoyles
  9 cane toads
  28 rime drakes
  8 komodo dragons
  2 yaktaurs (D:14)
  2 ancient zymes (Lair:5)
  5 trolls
  A queen bee (shapeshifter) (D:13)
  18 polar bears
  Prince Ribbit (Bailey)
  10 dream sheep
  23 blink frogs
  Sigmund (D:2)
  5 slime creatures
  A shadow (D:10)
  A centaur simulacrum (D:15)
  7 spriggans
  6 wraiths
  2 wyverns (Lair:5)
  6 water elementals (D:15)
  5 humans (Bailey)
  39 yaks
  A large abomination (Lair:5)
  5 basilisks
  3 steam dragons
  A redback (shapeshifter) (Lair:5)
  A swamp worm (shapeshifter) (Lair:5)
  A chaos spawn (Lair:5)
  13 vampire mosquitoes
  25 nagas
  5 wargs
  26 water moccasins
  31 orc warriors
  A hornet zombie (D:8)
  7 ice beasts (D:14)
  3 black bears
  12 wolves
  14 ogres
  9 small abominations (Lair:5)
  12 centaurs
  A kobold brigand (D:8)
  A gnoll sergeant (D:11)
  4 necrophages (D:8)
  5 scorpions
  31 bullfrogs
  15 wights
  10 killer bees
  2 electric eels (D:15)
  3 howler monkeys (D:9)
  5 hounds
  9 jellies
  Crazy Yiuf (D:3)
  2 centaur zombies (D:8)
  A sleepcap (D:5)
  19 orc priests
  Jessica (D:3)
  6 iguanas
  Terence (D:3)
  20 orc wizards
  A human simulacrum (D:11)
  A mummy (D:8)
  A howler monkey zombie (D:8)
  9 gnolls
  4 adders
  2 white imps
  5 dart slugs
  54 orcs
  6 bats
  26 endoplasms
  A giant cockroach (D:2)
  14 goblins
  11 hobgoblins
  3 jackals (D:1)
  16 kobolds
  3 quokkas
  8 ball pythons
  4 frilled lizards
  4 rats
911 creatures vanquished.

Vanquished Creatures (others)
  A black mamba (Snake:4)
  A polar bear (IceCv)
  A water moccasin (Lair:4)
  An orc wizard (D:7)
  A human simulacrum (D:11)
5 creatures vanquished.

Grand Total: 916 creatures vanquished

Notes
Turn   | Place    | Note
-------+----------+-------------------------------------------
     0 | D:1      | MacCMillion the Spriggan Hunter began the quest for the
                  | Orb.
     0 | D:1      | Reached XP level 1. HP: 10/10 MP: 2/2
    73 | D:1      | Found Nidghi's Armour Emporium.
   172 | D:1      | Reached skill level 3 in Dodging
   172 | D:1      | Reached XP level 2. HP: 15/15 MP: 3/3
   186 | D:1      | Found Oqefanol's Jewellery Shoppe.
   591 | D:1      | Found Enwon's Book Boutique.
   597 | D:1      | Reached XP level 3. HP: 18/18 MP: 4/4
   602 | D:1      | Found Seuqac Ulug's Assorted Antiques.
   673 | D:1      | Found Qugg's Weapon Shop.
  1043 | D:2      | Reached XP level 4. HP: 23/23 MP: 5/5
  1060 | D:2      | Reached skill level 5 in Ranged Weapons
  1110 | D:2      | Noticed Sigmund
  1122 | D:2      | Killed Sigmund
  1123 | D:2      | Reached XP level 5. HP: 26/26 MP: 6/6
  1149 | D:2      | Reached XP level 6. HP: 30/30 MP: 7/7
  1617 | D:3      | You fall into a shaft and drop 3 floors!
  1733 | D:5      | Entered Level 5 of the Dungeon
  2058 | D:5      | Reached XP level 7. HP: 35/35 MP: 8/8
  2337 | D:5      | Reached skill level 4 in Dodging
  2546 | D:3      | Found an opulent altar of Gozag.
  2599 | D:3      | Noticed Terence
  2603 | D:3      | Killed Terence
  2636 | D:3      | Found a runed translucent door.
  2637 | D:3      | Noticed Crazy Yiuf
  2718 | D:3      | Noticed Jessica
  2723 | D:3      | Killed Jessica
  2851 | D:3      | Killed Crazy Yiuf
  2919 | D:4      | Found a staircase to the Ecumenical Temple.
  2930 | Temple   | Entered the Ecumenical Temple
  2968 | Temple   | Became a worshipper of Dithmenos the Shadowed
  3026 | D:4      | Found a shimmering blue altar of Sif Muna.
  3101 | D:4      | Reached skill level 5 in Dodging
  3101 | D:4      | Reached XP level 8. HP: 31/40 MP: 9/9
  3136 | D:4      | Found a radiant altar of Vehumet.
  3293 | D:4      | Found Azexkief's Jewellery Shoppe.
  3399 | D:4      | Found a sparkling altar of Nemelex Xobeh.
  4030 | D:6      | Found an ornate altar of the Wu Jian Council.
  4128 | D:6      | Found an iron altar of Okawaru.
  4160 | D:6      | Found a hide-covered altar of Uskayaw.
  4185 | D:6      | Reached skill level 6 in Dodging
  4257 | D:6      | Reached * piety under Dithmenos
  4277 | D:6      | Found a white marble altar of Elyvilon.
  4695 | D:7      | Found a shimmering altar of Xom.
  4695 | D:7      | Found an ancient bone altar of Kikubaaqudgha.
  4839 | D:7      | Found a glowing golden altar of the Shining One.
  5919 | D:7      | Reached skill level 7 in Dodging
  5922 | D:7      | Identified the +0 quarterstaff of Green Tortfeasance
                  | {freeze, rPois Stlth+}
  6109 | D:7      | Reached XP level 9. HP: 46/46 MP: 10/10
  6180 | D:7      | Reached skill level 5 in Fighting
  6335 | D:7      | Reached skill level 8 in Dodging
  6663 | D:7      | Reached skill level 10 in Ranged Weapons
  7080 | D:8      | Found Zin's Purification Station.
  7080 | D:8      | Found a glowing silver altar of Zin.
  7193 | D:8      | Reached skill level 9 in Dodging
  7523 | D:8      | Reached ** piety under Dithmenos
  7891 | D:8      | Found a blossoming altar of Fedhas.
  8147 | D:8      | Reached XP level 10. HP: 53/53 MP: 11/11
  8421 | D:9      | Found a snail-covered altar of Cheibriados.
  8485 | D:9      | Noticed a two-headed ogre
  8533 | D:9      | Killed a two-headed ogre
  8534 | D:9      | Reached skill level 10 in Dodging
  8761 | D:9      | Noticed Gastronok
  9401 | D:9      | Found a hazy altar of Hepliaklqana.
  9739 | D:10     | Entered Level 10 of the Dungeon
  9773 | D:10     | Found Kuwyntagergh's Armour Shoppe.
  9803 | D:10     | Reached skill level 11 in Dodging
  9895 | D:10     | Found a flagged portal.
  9902 | D:10     | Reached *** piety under Dithmenos
  9919 | Bailey   | Entered a bailey
 10099 | Bailey   | Reached skill level 12 in Dodging
 10589 | Bailey   | Noticed Prince Ribbit
 10590 | Bailey   | Noticed a vault guard
 10633 | Bailey   | Killed Prince Ribbit
 10634 | Bailey   | Reached XP level 11. HP: 58/58 MP: 12/12
 11533 | Bailey   | Killed a vault guard
 11595 | Bailey   | Noticed a vault guard
 11710 | Bailey   | Killed a vault guard
 11999 | D:10     | Found a staircase to the Lair.
 12291 | D:10     | Found a burning altar of Makhleb.
 13394 | D:10     | Found a staircase to the Lair.
 13571 | D:10     | Found a burning altar of Makhleb.
 13739 | D:10     | Found Kuwyntagergh's Armour Shoppe.
 14224 | Lair:1   | Entered Level 1 of the Lair of Beasts
 14400 | D:11     | Found Locyasch's Armour Boutique.
 14403 | D:11     | Noticed a skeletal warrior
 14403 | D:11     | Noticed a skeletal warrior
 14511 | D:11     | Killed a skeletal warrior
 14763 | D:11     | Noticed a two-headed ogre
 14787 | D:11     | Killed a two-headed ogre
 14813 | D:11     | Found a staircase to the Orcish Mines.
 14831 | D:11     | Noticed a two-headed ogre
 14886 | D:11     | Killed a two-headed ogre
 15226 | D:11     | Reached skill level 13 in Dodging
 15373 | D:11     | Reached **** piety under Dithmenos
 15817 | D:11     | Killed a skeletal warrior
 15853 | D:11     | Noticed a skeletal warrior
 16017 | D:11     | Killed a skeletal warrior
 16167 | D:11     | Reached XP level 12. HP: 45/65 MP: 13/13
 16741 | Lair:1   | Reached skill level 14 in Dodging
 17071 | Lair:1   | Reached ***** piety under Dithmenos
 17302 | Lair:1   | Noticed a death yak
 17302 | Lair:1   | Noticed a death yak
 17565 | Lair:1   | Killed a death yak
 17610 | Lair:1   | Killed a death yak
 17629 | Lair:1   | Noticed a death yak
 17630 | Lair:1   | Noticed a death yak
 17631 | Lair:1   | Noticed a death yak
 17635 | Lair:1   | Noticed a death yak
 17796 | Lair:1   | Killed a death yak
 17972 | Lair:1   | Killed a death yak
 17973 | Lair:1   | Reached skill level 15 in Dodging
 18425 | Lair:1   | Killed a death yak
 18488 | Lair:1   | Killed a death yak
 20439 | Lair:2   | Found a staircase to the Shoals.
 20684 | Lair:2   | Reached skill level 10 in Fighting
 20728 | Lair:2   | Found a gate leading to a gauntlet.
 20737 | Gauntlet | Entered a Gauntlet
 20737 | Gauntlet | Found a transporter.
 20740 | Gauntlet | Found a transporter.
 20753 | Gauntlet | Found a transporter.
 20756 | Gauntlet | Found a transporter.
 20766 | Gauntlet | Found a transporter.
 20776 | Gauntlet | Noticed a reaper
 20786 | Gauntlet | Found a transporter.
 20795 | Gauntlet | Noticed a death scarab
 20799 | Gauntlet | Found a transporter.
 20799 | Gauntlet | Noticed a death scarab
 20816 | Gauntlet | Found a transporter.
 20820 | Gauntlet | Found a transporter.
 20822 | Gauntlet | Found a runed translucent gate.
 20822 | Gauntlet | Found a runed translucent gate.
 20828 | Gauntlet | Found a transporter.
 20840 | Gauntlet | Found a runed translucent gate.
 20853 | Gauntlet | Found a transporter.
 20855 | Gauntlet | Found a transporter.
 21226 | Lair:2   | Reached skill level 16 in Dodging
 22020 | Lair:2   | Reached XP level 13. HP: 72/72 MP: 14/14
 22438 | Lair:3   | Reached skill level 17 in Dodging
 22942 | Lair:3   | Found a staircase to the Snake Pit.
 23148 | Lair:3   | Found a staircase to the Snake Pit.
 23795 | Lair:3   | Found a staircase to the Snake Pit.
 24778 | Lair:4   | Reached skill level 18 in Dodging
 26229 | Lair:5   | Entered Level 5 of the Lair of Beasts
 26943 | Lair:5   | Reached skill level 15 in Ranged Weapons
 26983 | Lair:5   | Reached ****** piety under Dithmenos
 27030 | Lair:5   | Reached XP level 14. HP: 80/80 MP: 15/15
 28613 | Lair:5   | Found a corrupted altar of Lugonu.
 28613 | Lair:5   | Found a one-way gate to the infinite horrors of the Abyss.
 28619 | Lair:5   | Got the Folio of Cleavage
 28840 | Lair:5   | Found a staircase to the Slime Pits.
 29224 | Orc:1    | Entered Level 1 of the Orcish Mines
 29544 | Orc:1    | Noticed an orc warlord
 29561 | Orc:1    | Killed an orc warlord
 29621 | Orc:1    | Noticed an orc warlord
 29933 | Orc:1    | Killed an orc warlord
 30135 | Orc:1    | Learned a level 6 spell: Dispersal
 30136 | Orc:2    | Entered Level 2 of the Orcish Mines
 30396 | Orc:2    | Reached skill level 1 in Translocations
 30403 | Orc:2    | Noticed Urug
 30440 | Orc:2    | Reached skill level 1 in Spellcasting
 30570 | Orc:2    | Killed Urug
 31408 | Orc:2    | Noticed an orc warlord
 31513 | Orc:2    | Killed an orc warlord
 31514 | Orc:2    | Reached skill level 5 in Translocations
 31697 | Orc:2    | Found Yqohoxim's Antique Armour Boutique.
 31980 | Orc:2    | Noticed an orc warlord
 32022 | Orc:2    | Reached skill level 5 in Spellcasting
 32105 | Orc:2    | Found Caepn's Antique Weapon Boutique.
 32158 | Orc:2    | Found a staircase to the Elven Halls.
 32396 | Orc:2    | Found Fiacaho's General Store.
 32417 | Orc:2    | Paralysed by an orc sorcerer for 2 turns
 32460 | Orc:2    | Killed an orc warlord
 32484 | Orc:2    | Found Duboziwk's Jewellery Boutique.
 32727 | D:11     | Learned a level 7 spell: Enfeeble
 33470 | D:13     | Found a runed translucent gate.
 33470 | D:13     | Found a runed translucent gate.
 33470 | D:13     | Found a runed translucent gate.
 33487 | D:13     | Reached XP level 15. HP: 78/85 MP: 25/25
 33585 | D:13     | Found Erphups's Jewellery Shoppe.
 33926 | D:13     | Found a portal to a secret trove of treasure.
 34057 | D:13     | Found a runed translucent door.
 34276 | D:13     | Found a runed translucent door.
 34276 | D:13     | Noticed the 27-headed Lernaean hydra
 34414 | D:13     | Noticed Ytiufarch's ghost (journeyman DrMo)
 34619 | D:13     | Reached skill level 10 in Translocations
 34816 | D:13     | Found a runed translucent door.
 35041 | D:13     | Found a runed translucent door.
 35119 | D:13     | Found a runed translucent door.
 35350 | D:13     | Killed the 27-headed Lernaean hydra
 35351 | D:13     | Reached skill level 10 in Spellcasting
 35406 | D:13     | Identified the +3 sling of Cucaollu {flame, Drain rF+++
                  | MP+9}
 36582 | D:14     | Reached XP level 16. HP: 90/90 MP: 31/31
 36706 | D:14     | Found a gate to the Vaults.
 36739 | D:14     | Reached skill level 5 in Hexes
 36901 | D:14     | Reached skill level 15 in Translocations
 37360 | D:15     | Entered Level 15 of the Dungeon
 37505 | D:15     | Found a staircase to the Depths.
 37692 | D:15     | Noticed Josephine
 37704 | D:15     | Killed Josephine
 39195 | D:1      | Bought a ring of poison resistance for 240 gold pieces
 39426 | Snake:1  | Entered Level 1 of the Snake Pit
 39636 | Snake:1  | Reached skill level 10 in Hexes
 41606 | Snake:1  | Learned a level 4 spell: Cause Fear
 42333 | Snake:2  | Found Terutein's Distillery.
 42354 | Snake:2  | Found Uxzinyabb's Jewellery Boutique.
 42354 | Snake:2  | Found Equce's Jewellery Shop.
 42633 | Snake:2  | Noticed Aizul
 43055 | Snake:2  | Found Maraaf's Distillery.
 43101 | Snake:2  | Bought a potion of heal wounds for 50 gold pieces
 43773 | Snake:2  | Reached XP level 17. HP: 94/94 MP: 32/32
 44076 | Snake:3  | Found a frozen archway.
 44085 | IceCv    | Entered an ice cave
 44490 | IceCv    | Identified the +3 mace of Recklessness {flame, +Blink rC+
                  | Will+++ Dex-2}
 44832 | IceCv    | Reached skill level 15 in Hexes
 47233 | Snake:4  | Entered Level 4 of the Snake Pit
 47354 | Snake:4  | Found a flickering gateway to a bazaar.
 47363 | Snake:4  | Noticed Vashnia
 47406 | Snake:4  | Slain by a salamander tyrant

Illustrated notes

Levels and vault maps discovered:
D:1:      heliophobic_arrival_glass_houses, layout_basic, serial_shops,
          nicolae_shop_back_alley_shop, nicolae_shop_stone,
          nicolae_shop_hallway_stairs, nicolae_shop_trees,
          nicolae_shop_statue_plus
D:2:      minmay_inner_zag, layout_rooms, minivault_5, grunt_ministairs_9,
          solitary_fountain, uniq_sigmund
D:3:      layout_rooms, grunt_gozag_statues, uniq_terence, uniq_jessica,
          uniq_crazy_yiuf_cottage
D:4:      layout_basic, led_sif_book, vehumet_altar_wand_db, lemuel_round_altar,
          minmay_temple_entry_sparse_star, serial_shops, shop
D:5:      layout_loops_ring
D:6:      wander_river, layout_loops_cross, nicolae_wu_jian_wuxing_cycle,
          nicolae_elyvilon_peaceful_grove, mainiacjoe_overflow_catch_the_wave
D:7:      layout_loops_corners, nicolae_tso_swordbearing_angel,
          gammafunk_temple_overflow_elements, kennysheep_windowed_goal
D:8:      layout_basic, zin_purify, fedhas_altar_decomposition, kennysheep_nub,
          interstate_on_off, corexii_leaking_fountain, nicolae_the_louvre
D:9:      layout_roguey, slow_altar_1, nicolae_hepliaklqana_hippocampus,
          uniq_gastronok
D:10:     lemuel_ice_spiral_2, layout_basic, kennysheep_little_box,
          due_lair_maze_entry_diamond, enter_bailey_7, serial_shops,
          nicolae_shop_peninsula, roderic_nine_men_s_morris
D:11:     lemuel_slime, layout_basic, minmay_orc_entry_temple_small,
          serial_shops, shop, bh_circular_ruins
D:12:     kennysheep_big_flooded_room, layout_basic
D:13:     layout_long_grid, gammafunk_ghost_necromancy, serial_shops,
          nicolae_shop_tiny_statue_garden, nicolae_trove_entry_crossroad,
          nicolae_hydra_factorization
D:14:     layout_roguey, david_vaults_2, grunt_decor_resistance, ice2_lemuel
D:15:     grunt_enter_depths_giant_problem, layout_basic, minmay_statue_bubble,
          uniq_josephine
Temple:   corrupted_temple
Lair:1:   layout_cave_pods, infiniplex_staircase_pool_2, grunt_megastairs_2
Lair:2:   kb_forest_paths, layout_big_grid, shoals_dummy_entry,
          gauntlet_entry_generic
Lair:3:   layout_loops_ring, minmay_snake_entry_six_corridors
Lair:4:   layout_gridlike, chequers_serial_rivers_micro_a, beast_lair_carwin_5
Lair:5:   hellmonk_lair_end_abyssal_woods, layout_regular_city,
          nicolae_slime_entry_slimehenge, grunt_megastairs_5, lemuel_fruit_tree
Snake:1:  layout_basic
Snake:2:  layout_gridlike, nicolae_letterblocks [nicolae_letter_subblock,
          nicolae_letter_subblock, nicolae_letter_subblock,
          nicolae_letter_subblock, nicolae_letter_subblock,
          nicolae_letter_subblock, nicolae_letter_subblock,
          nicolae_letter_subblock, nicolae_letter_subblock,
          nicolae_letter_subblock, nicolae_letter_subblock,
          nicolae_letter_subblock, nicolae_letter_subblock,
          nicolae_letter_subblock, nicolae_letter_subblock,
          nicolae_letter_subblock, nicolae_letter_subblock,
          nicolae_letter_subblock, nicolae_letter_subblock,
          nicolae_letter_subblock, nicolae_letter_subblock,
          nicolae_letter_subblock, nicolae_letter_subblock,
          nicolae_letter_subblock, nicolae_letter_subblock], minmay_shoptagon,
          uniq_aizul
Snake:3:  layout_cave_shapes, portal_ice_cave_entry_pillars_1,
          nicolae_coiled_stairwell_up
Snake:4:  minmay_snake_end_coiled, layout_misc_corridors, serial_shops,
          bzr_entry_dummy, serial_bayou_shore_b, uniq_vashnia
Orc:1:    layout_caves, nicolae_orc_tapped_out
Orc:2:    grunt_orc_cross, layout_caves

Skill      XL: |  1  2  3  4  5  6  7  8  9 10 11 12 13 14 15 16 17 |
---------------+----------------------------------------------------+-----
Stealth        | 2 3 4 |  4.0
Dodging        | 3 5 7 9 12 13 16 18 | 18.8
Fighting       | 2 3 4 6 7 8 10 12 | 12.5
Ranged Weapons | 6 8 9 10 12 14 15 16 | 16.0
Translocations | 7 14 15 | 15.0
Spellcasting   | 6 10 12 | 12.6
Hexes          | 4 14 16 | 16.4

Action                     |  1- 3 |  4- 6 |  7- 9 | 10-12 | 13-15 | 16-18 || total
---------------------------+-------+-------+-------+-------+-------+-------++-------
   Fire: Shortbow          |   118 |   130 |   560 |  2066 |  1577 |  1688 ||  6139
         Orcbow            |       |       |       |    79 |   675 |   116 ||   870
   Cast: Cause Fear        |       |       |       |       |       |     2 ||     2
         Dispersal         |       |       |       |       |       |     2 ||     2
    Use: Scroll            |       |       |     5 |       |    15 |    14 ||    34
         Potion            |       |       |     1 |       |       |     1 ||     2
 Armour: Robe              |     1 |       |     4 |    17 |     4 |       ||    26
         Troll leather arm |       |       |       |       |     7 |    45 ||    52
  Dodge: Dodged            |    34 |    53 |   254 |   792 |   781 |   958 ||  2872

Table legend: (Time is in decaauts)
 A = Elapsed time spent in this place.
 B = Non-inter-level travel time spent in this place.
 C = Inter-level travel time spent in this place.
 D = Time resting spent in this place.
 E = Time spent auto-exploring this place.
 F = Levels seen in this place.
 G = Mean time per level.
                   A        B        C        D        E       F      G
               +--------+--------+--------+--------+--------+-----+--------+
         Total |  35189 |  33706 |   1483 |  12198 |  11422 |  30 | 1173.0 |
       Dungeon |  15739 |  14846 |    893 |   4849 |   5938 |  15 | 1049.3 |
        Temple |     31 |     27 |      4 |      0 |     12 |   1 |   31.0 |
          Lair |   8795 |   8374 |    421 |   2639 |   3259 |   5 | 1759.0 |
     Snake Pit |   4435 |   4319 |    116 |   1868 |   1263 |   4 | 1108.8 |
  Orcish Mines |   2709 |   2661 |     48 |   1278 |    534 |   2 | 1354.5 |
        Bailey |   1633 |   1633 |      0 |    879 |     82 |   1 | 1633.0 |
      Ice Cave |   1691 |   1691 |      0 |    683 |    253 |   1 | 1691.0 |
      Gauntlet |    153 |    153 |      0 |      0 |     79 |   1 |  153.0 |
               +--------+--------+--------+--------+--------+-----+--------+

Top non-repeatable levels by time:
  Lair:1: 2605 daAuts
    D:10: 2254 daAuts
  Lair:5: 2135 daAuts
 Snake:1: 2066 daAuts
   Orc:2: 1791 daAuts
    D:13: 1770 daAuts
   IceCv: 1691 daAuts
    D:11: 1686 daAuts
  Bailey: 1633 daAuts
     D:7: 1598 daAuts
     D:8: 1593 daAuts
  Lair:3: 1488 daAuts
 Snake:2: 1455 daAuts
  Lair:4: 1445 daAuts
    D:14: 1129 daAuts
